 Dungeon Crawl Stone Soup version 0.19-a0-687-g35db334 (webtiles) character file.

3078 LORDOFBUTT the Blocker (level 9, -10/79 HPs)
             Began as a Minotaur Fighter on June 19, 2016.
             Mangled by an orc warrior
             ... wielding a +0 war axe
              (15 damage)
             ... on level 7 of the Dungeon.
             The game lasted 00:11:02 (5884 turns).

LORDOFBUTT the Blocker (Minotaur Fighter)           Turns: 5884, Time: 00:11:02

Health: -10/79     AC:  9    Str: 20    XL:     9   Next: 58%
Magic:  8/8        EV: 12    Int:  5    God:
Gold:   402        SH: 11    Dex: 14    Spells: 0 memorised, 8 levels left

rFire  . . .     SeeInvis .     a - +0 war axe
rCold  . . .     Gourm    .     b - +0 scale mail
rNeg   . . .     Faith    .     c - +0 shield
rPois  .         Spirit   .     (helmet restricted)
rElec  .         Dismiss  .     r - +0 cloak
rCorr  .         Reflect  .     (no gloves)
SustAt .         Harm     .     (no boots)
MR     .....                    (no amulet)
Stlth  ..........               (no ring)
                                (no ring)

@: not resistant to hostile enchantments, extremely unstealthy
A: retaliatory headbutt, horns 2
a: no special abilities


You were on level 7 of the Dungeon.
You were hungry.

You visited 1 branch of the dungeon, and saw 7 of its levels.
You also visited: Sewer.

You collected 402 gold pieces.

Inventory:

Hand Weapons
 a - a +0 war axe (weapon)
Armour
 b - a +0 scale mail (worn)
 c - a +0 shield (worn)
 r - a +0 cloak (worn)
Jewellery
 j - an uncursed ring of flight
 p - an uncursed ring of protection from cold
Scrolls
 d - a scroll of enchant weapon {unknown}
 i - 2 scrolls of remove curse {unknown}
 m - a scroll of recharging {unknown}
 s - 2 scrolls of noise {unknown}
 v - a scroll of teleportation {unknown}
 w - a scroll of fear {unknown}
 y - a scroll of enchant armour {unknown}
 z - a scroll of identify
Potions
 e - 3 potions of heal wounds
 h - a potion of cancellation
 k - 4 potions of flight
 l - a potion of mutation {unknown}
 n - 2 potions of berserk rage
 o - a potion of haste {unknown}
 q - a potion of ambrosia
 t - 3 potions of brilliance
 u - 2 potions of curing
 x - 3 potions of lignification
 C - a potion of cure mutation {unknown}
Books
 D - a book of Changes

   Spells                             Type                      Level
   a - Beastly Appendage              Transmutation                1
   b - Sticks to Snakes               Transmutation                2
   c - Spider Form                    Transmutation/Poison         3
   d - Ice Form                       Ice/Transmutation            4
   e - Blade Hands                    Transmutation                5
Comestibles
 f - 4 bread rations
 g - 2 royal jellies
 A - a meat ration


   Skills:
 + Level 7.3 Fighting
 + Level 7.9 Axes
 + Level 7.7 Armour
 + Level 6.6 Dodging
 + Level 0.8 Stealth
 + Level 8.4 Shields


You had 8 spell levels left.
You didn't know any spells.

Dungeon Overview and Level Annotations

Branches:
Dungeon (7/15)
 Temple: D:4-7

Altars:
Okawaru
Qazlal

Shops:
D:4 (


Innate Abilities, Weirdness & Mutations

You reflexively headbutt those who attack you in melee.
You have a pair of horns on your head.


Message History

Your shield prevents you from hitting the orc warrior.
Your headbutt misses the orc warrior.
The orc warrior is almost dead.
You hit the orc.
The orc is moderately wounded.
The orc closely misses you. You furiously retaliate!
You headbutt the orc!
You kill the orc!
The orc warrior closely misses you.
You barely miss the orc warrior.
The orc warrior is almost dead.
The orc warrior hits you with a war axe!!
* * * LOW HITPOINT WARNING * * *
You are too injured to fight recklessly!
You are too injured to fight recklessly!
You are too injured to fight recklessly!
Your shield prevents you from hitting the orc warrior.
You headbutt the orc warrior, but do no damage.
The orc warrior is almost dead.
The orc warrior hits you with a war axe!
You die...

#..........#
#.##.......#
#.###..##..#
#######.# ##.#
..#
#....(..####..#
.#
#.###(..........
#.#######....
###.#+#.## ...
#......@.#
.......o[#
.........#
.........#
.........#
.%#####... #.
...# #...


You could see an orc warrior.

Vanquished Creatures
  The ghost of fish the Changer, a novice OpTm of Fedhas (D:7)
  Grinder (D:6)
  Sigmund (D:5)
  Eustachio (D:5)
  2 orc warriors
  An ice beast (D:5)
  3 phantoms
  3 ogres
  A centaur (D:6)
  2 giant frogs (D:6)
  A big kobold (Sewer)
  4 scorpions
  4 wights (D:3)
  A giant frog zombie (D:6)
  2 crimson imps (D:6)
  A hound (D:4)
  2 jellies
  2 orc priests (D:4)
  A giant frog skeleton (D:5)
  An orc wizard (D:5)
  2 iguanas
  A worker ant (D:6)
  2 gnolls (D:2)
  10 adders
  4 river rats (Sewer)
  An ooze (D:2)
  4 adder skeletons
  6 worms
  2 dart slugs
  8 giant geckos
  16 orcs
  7 bats
  9 giant cockroaches
  7 hobgoblins
  6 jackals
  6 quokkas
  2 ball pythons
  5 giant newts
  7 goblins
  11 kobolds
  10 rats
161 creatures vanquished.

Notes
Turn   | Place    | Note
--------------------------------------------------------------
     0 | D:1      | LORDOFBUTT the Minotaur Fighter began the quest for the Orb.
     0 | D:1      | Reached XP level 1. HP: 19/19 MP: 0/0
   130 | D:1      | Reached XP level 2. HP: 23/27 MP: 1/1
   543 | D:1      | Reached skill level 4 in Shields
   644 | D:1      | Reached XP level 3. HP: 33/33 MP: 2/2
  1070 | D:2      | Reached skill level 1 in Dodging
  1128 | D:2      | Reached XP level 4. HP: 40/40 MP: 3/3
  1607 | D:2      | Reached skill level 5 in Shields
  1773 | D:2      | Found an iron altar of Okawaru.
  1996 | D:3      | Reached XP level 5. HP: 44/47 MP: 4/4
  2060 | D:3      | Found a glowing drain.
  2097 | Sewer    | Entered a sewer
  2370 | Sewer    | Found a glowing silver altar of Zin.
  2582 | D:3      | Reached XP level 6. HP: 53/53 MP: 5/5
  2602 | D:3      | Found a stormy altar of Qazlal.
  2979 | D:3      | Reached skill level 5 in Fighting
  2979 | D:3      | Reached skill level 5 in Armour
  3130 | D:3      | Reached skill level 6 in Shields
  3143 | D:3      | Reached XP level 7. HP: 34/61 MP: 6/6
  3544 | D:4      | Found Joegh's Antique Weapon Emporium.
  3568 | D:4      | Reached skill level 5 in Axes
  3654 | D:4      | Reached XP level 8. HP: 36/70 MP: 7/7
  3974 | D:5      | Entered Level 5 of the Dungeon
  4052 | D:5      | Noticed Eustachio
  4065 | D:5      | Killed Eustachio
  4065 | D:5      | Reached skill level 7 in Shields
  4217 | D:5      | Noticed Sigmund
  4242 | D:5      | Killed Sigmund
  4242 | D:5      | Reached skill level 5 in Dodging
  4581 | D:6      | Reached XP level 9. HP: 42/78 MP: 8/8
  4717 | D:6      | Noticed Grinder
  4735 | D:6      | Paralysed by Grinder for 3 turns
  4739 | D:6      | Killed Grinder
  4739 | D:6      | Reached skill level 8 in Shields
  5488 | D:7      | Noticed fish's ghost (novice OpTm)
  5517 | D:7      | Killed fish's ghost
  5884 | D:7      | Mangled by an orc warrior

Vault maps used:
D:1:      denvon_arrival_waterhouse, nrook_uturn, kennysheep_decorative_pillar,
          serial_park_tiny_pond
D:2:      wad_woods_tower, nicolae_overflow_hidden_temple, serial_curves,
          eino_curves_02, eino_curves_03, eino_curves_02, first_bread
D:3:      portal_sewer_entry_f, grunt_qazlal_clouds
D:4:      serial_shops, nicolae_shop_crystal
D:5:      uniq_sigmund, uniq_eustachio
D:6:      uniq_grinder
D:7:      marbit_many_paths, lemuel_doored_altar, minmay_temple_entry_large_hall
Sewer:    sewer_kobolds

Skill      XL: |  1  2  3  4  5  6  7  8  9 |
---------------+----------------------------+-----
Fighting       | 4 5 6 7 |  7.3
Armour         | 4 5 6 7 |  7.7
Shields        | 4 5 6 7 8 |  8.4
Axes           | 3 4 5 6 7 |  7.9
Dodging        | 1 2 3 5 6 |  6.6
Stealth        | |  0.8

Action                   |  1- 3 |  4- 6 |  7- 9 || total
-------------------------+-------+-------+-------++-------
Melee: War axe           |   125 |   151 |   270 ||   546
       Headbutt          |    11 |    19 |    65 ||    95
  Use: Scroll            |       |     6 |     3 ||     9
       Potion            |       |       |     5 ||     5
  Eat: Bread ration      |     1 |       |       ||     1
       Fruit             |       |     4 |     3 ||     7
       Meat ration       |       |       |     1 ||     1
       Beef jerky        |       |       |     1 ||     1
Armor: Scale mail        |    65 |    54 |   108 ||   227
Dodge: Dodged            |    35 |    55 |   107 ||   197
Block: Shield            |    74 |    75 |   119 ||   268
